 Dungeon Crawl Stone Soup version 0.28.0-1-gb440e238dd (webtiles) character file.

Game seed: 10317077221511282820

402 avis the Cleaver (level 6, -4/58 HPs)
             Began as a Hill Orc Monk on Feb 20, 2022.
             Killed from afar by a steam dragon (19 damage)
             ... with a ball of steam
             ... on level 3 of the Dungeon on Feb 21, 2022.
             The game lasted 00:18:01 (2557 turns).

avis the Cleaver (Hill Orc Monk)                    Turns: 2557, Time: 00:18:01

Health: -4/58      AC:  8    Str: 16    XL:     6   Next: 85%
Magic:  6/6        EV:  7    Int: 10    God:
Gold:   164        SH:  0    Dex: 13    Spells: 5/5 levels left

rFire   . . .      SeeInvis .   a - +3 hand axe
rCold   . . .      Faith    .   (no shield)
rNeg    . . .      Spirit   .   g - +0 chain mail
rPois   .          Reflect  .   (no helmet)
rElec   .          Harm     .   (no cloak)
rCorr   .          Rampage  .   (no gloves)
Will    .....                   (no boots)
Stlth   ..........              i - amulet of regeneration
HPRegen 0.99/turn               (no ring)
MPRegen 0.10/turn               (no ring)

@: no status effects
A: no striking features
a: no special abilities


You were on level 3 of the Dungeon.
You visited 1 branch of the dungeon, and saw 3 of its levels.
You also visited: Sewer.

You collected 164 gold pieces.

Inventory:

Hand Weapons
 a - a +3 hand axe (weapon)
 b - a +0 flail of protection
 d - a +0 dagger of venom
 k - a +0 vampiric whip
 p - a +0 war axe
Missiles
 e - 80 stones (quivered)
 f - 76 arrows
 l - 6 poisoned darts
Armour
 g - a +0 chain mail (worn)
 m - a +3 leather armour of cold resistance
 q - a +0 pair of gloves
Magical Staves
 n - a staff of air
Jewellery
 i - an amulet of regeneration (around neck)
Wands
 j - a wand of iceblast (9)
Potions
 c - 2 potions of curing
 h - a potion of lignification {unknown}
 o - a potion of berserk rage


   Skills:
 * Level 6.3 Fighting
 - Level 8.0 Axes
 - Level 2.4 Dodging
 - Level 1.5 Stealth


You had 5 spell levels left.
You didn't know any spells.
Your spell library contained the following spells:

 Spells                   Type           Power      Damage    Failure   Level
 Sting                    Tmut/Pois      0%         1d3       100%        1
 Poisonous Vapours        Pois/Air       0%         N/A       100%        2
 Stone Arrow              Conj/Erth      0%         3d7       100%        3
 Animate Armour           Summ/Erth      0%         N/A       100%        4
 Olgreb's Toxic Radiance  Pois           0%         N/A       100%        4
 Lehudib's Crystal Spear  Conj/Erth      0%         10d2      100%        8


Dungeon Overview and Level Annotations

Branches:
Dungeon (3/15)              Sewer (visited)

Altars:
Okawaru
Uskayaw

Annotations:
D:3 3 runed translucent doors, yahweh's ghost, amateur DsBe


Message History

You hit the rat.
You kill the rat!
You see here a rat corpse.
The steam dragon breathes steam at you. The ball of steam hits you!
The steam dragon closely misses you. The steam dragon claws you.
You hit the steam dragon.
The steam dragon is lightly wounded.
The steam dragon barely misses you.
The steam dragon claws you but does no damage.
You hit the steam dragon.
The steam dragon is lightly wounded.
The steam dragon barely misses you.
The steam dragon claws you but does no damage.
You hit the steam dragon.
You punch the steam dragon, but do no damage.
The steam dragon is lightly wounded.
The steam dragon bites you.
The steam dragon claws you but does no damage.
You hit the steam dragon.
The steam dragon is moderately wounded.
The steam dragon bites you but does no damage.
The steam dragon claws you.
You hit the steam dragon.
The steam dragon is moderately wounded.
The steam dragon barely misses you. The steam dragon closely misses you.
You hit the steam dragon.
The steam dragon is heavily wounded.
The steam dragon breathes steam at you. The ball of steam hits you!
The steam dragon breathes steam at you. The ball of steam hits you!
The steam dragon bites you.
* * * LOW HITPOINT WARNING * * *
The steam dragon closely misses you.
You hit the steam dragon.
The steam dragon is heavily wounded.
The steam dragon breathes steam at you. The ball of steam hits you!!
You die...

..#..........# ..#.# #.#.#..#
....# #.#.#..# ##
##..###.#.#..# .# #
.##..##.#.#..#####.# 8.#
..##.......>†....§####...#
..Z#.######..##..§.§.........
..Z#..#####..##.#§..⌠........
...+......#..#..@D§§.........
...+..###.#..#..#.####.......
...+..#...#..#..#..# .......
...#..#.#.#..#..##.###.......
...#..#.#.#..#..# .#.).......
..##..#<..#..#.. .#.<.#
###...#####..#.. .#...#
#...#.# #..##### #####
....#..####......#


You could see a steam dragon (catching breath).

Vanquished Creatures
  A water moccasin (Sewer)
  A howler monkey (D:3)
  A hound (D:3)
  Jessica (D:2)
  An orc wizard (D:3)
  Ijyb (D:3)
  A gnoll (D:3)
  5 adders
  An ufetubus (D:3)
  3 dart slugs
  6 orcs
  13 bats
  4 endoplasms
  8 goblins
  8 hobgoblins
  15 jackals
  5 kobolds
  A quokka (D:2)
  3 ball pythons
  8 rats
87 creatures vanquished.

Vanquished Creatures (others)
  A kobold (D:3)
  2 plants (D:3)
3 creatures vanquished.

Grand Total: 90 creatures vanquished

Notes
Turn   | Place    | Note
-------+----------+-------------------------------------------
     0 | D:1      | avis the Hill Orc Monk began the quest for the Orb.
     0 | D:1      | Reached XP level 1. HP: 19/19 MP: 1/1
   260 | D:1      | Reached XP level 2. HP: 26/27 MP: 2/2
   372 | D:1      | Found a faded altar of an unknown god.
   480 | D:1      | Reached skill level 5 in Axes
   686 | D:1      | Reached XP level 3. HP: 33/33 MP: 3/3
  1133 | D:2      | Reached skill level 5 in Fighting
  1286 | D:2      | Reached XP level 4. HP: 42/42 MP: 4/4
  1453 | D:2      | Noticed Jessica
  1458 | D:2      | Killed Jessica
  1459 | D:2      | Reached skill level 6 in Axes
  1763 | D:3      | Noticed a steam dragon
  1867 | D:3      | Reached XP level 5. HP: 48/48 MP: 5/5
  2079 | D:3      | Found a runed translucent gate.
  2079 | D:3      | Found a runed translucent gate.
  2079 | D:3      | Found a runed translucent gate.
  2109 | D:3      | Noticed Ijyb
  2137 | D:3      | Reached XP level 6. HP: 43/57 MP: 6/6
  2142 | D:3      | Killed Ijyb
  2143 | D:3      | Reached skill level 7 in Axes
  2190 | D:3      | Found an iron altar of Okawaru.
  2242 | D:3      | Found a hide-covered altar of Uskayaw.
  2272 | D:3      | Found a glowing drain.
  2298 | Sewer    | Entered a sewer
  2329 | Sewer    | Noticed a water moccasin
  2334 | Sewer    | Killed a water moccasin
  2335 | Sewer    | Reached skill level 8 in Axes
  2501 | D:3      | Noticed yahweh's ghost (amateur DsBe)
  2557 | D:3      | Killed from afar by a steam dragon

Illustrated notes

Levels and vault maps discovered:
D:1:      ncdulo_lavacross, layout_rooms, hellmonk_ecumenical_altar_lost_god,
          corexii_item_surrounded_by_moat, chequers_serial_rivers_room_a
D:2:      layout_rooms, minmay_puff, uniq_jessica
D:3:      lemuel_castle_with_subvaults [lemuel_castle_interior_carwin_2],
          layout_basic, mainiacjoe_overflow_swirl, gammafunk_ghost_icy,
          portal_sewer_entry_a, nicolae_elevator_lobby_asterisk, uniq_ijyb

Skill      XL: |  1  2  3  4  5  6 |
---------------+-------------------+-----
Fighting       | 4 5 6 |  6.3
Axes           | 5 6 8 |  8.0
Dodging        | |  2.4
Stealth        | |  1.5

Action                   |  1- 3 |  4- 6 || total
-------------------------+-------+-------++-------
Melee: Hand axe          |   108 |   220 ||   328
       Punch             |     3 |     2 ||     5
  Use: Scroll            |       |     4 ||     4
Armor: Robe              |     1 |       ||     1
       Leather armour    |    10 |       ||    10
       Chain mail        |    36 |   142 ||   178
Dodge: Dodged            |    39 |   101 ||   140
